 Dungeon Crawl Stone Soup version 0.16-b1 (console) character file.

3 siepu the Grave Robber (level 1, -3/14 HPs)
             Began as a Ghoul Necromancer on Mar 14, 2015.
             Slain by a hobgoblin
             ... wielding a +0 club
              (5 damage)
             ... on level 1 of the Dungeon.
             The game lasted 00:00:28 (162 turns).

siepu the Grave Robber (Ghoul Necromancer)           Turns: 162, Time: 00:00:28

Health: -3/14      AC:  2    Str: 11    XL:     1   Next: 50%
Magic:  0/2        EV: 12    Int: 10    God:
Gold:   0          SH:  0    Dex:  9    Spells: 1 memorised, 2 levels left

rFire  . . .     SeeInvis .     (no weapon)
rCold  + . .     Clarity  .     a - +0 robe
rNeg   + + +     SustAb   .     (no shield)
rPois  ∞         Gourm    .     (no helmet)
rElec  .         Spirit   .     (no cloak)
rCorr  .         Warding  .     (no gloves)
rMut   .         Stasis   .     (no boots)
MR     .....                    (no amulet)
Stlth  ++........               (no ring)
                                (no ring)

@: very slightly contaminated, rotting, not resistant to hostile enchantments,
unstealthy
A: rotting body, claws 1, carnivore 3, cold resistance 1, negative energy
resistance 3, poison resistance, slow healing 1, torment resistance, unbreathing
a: no special abilities


You were on level 1 of the Dungeon.
You were not hungry.

You visited 1 branch of the dungeon, and saw 1 of its levels.


Innate Abilities, Weirdness & Mutations

Your body is rotting away.
You thrive on raw meat.
You have sharp fingernails.
You are carnivorous and can eat meat at any time.
Your flesh is cold resistant.
You are immune to negative energy.
Your system is resistant to poisons.
You heal slowly when monsters are visible.
You are immune to unholy pain and torment.
You can survive without breathing.


   Skills:
 - Level 1.7 Dodging
 - Level 2.1 Stealth
 + Level 1.9 Spellcasting
 + Level 4.1 Necromancy


You had 2 spell levels left.
You knew the following spells:

 Your Spells              Type           Power        Failure   Level  Hunger
a - Pain                  Necr           #...         8%          1    ##.....

Inventory:

Armour
 a - a +0 robe (worn)
Scrolls
 c - a scroll of recharging {!r, unknown}
Books
 b - a book of Necromancy

   Spells                             Type                      Level
   a - Pain                           Necromancy                   1
   b - Animate Skeleton               Necromancy                   1
   c - Vampiric Draining              Necromancy                   3
   d - Regeneration                   Charms/Necromancy            3
   e - Animate Dead                   Necromancy                   4
   f - Control Undead                 Necromancy                   4
Comestibles
 d - 2 chunks of flesh {!e}


Message History

Welcome, siepu the Ghoul Necromancer.
The destiny of this world depends on the Orb of Zot.
Go down and get it!
Press ? for a list of commands and other information.
Found a staircase leading out of the dungeon.
You open the large door.
A hobgoblin comes into view. It is wielding a club.
The hobgoblin shouts!
Found a hunting sling.
There is a large open door here.
You scratch the hobgoblin.
The hobgoblin begins to bleed from its wounds!
The hobgoblin is heavily wounded.
The hobgoblin hits you with a club.
You completely miss the hobgoblin.
The hobgoblin is heavily wounded.
The hobgoblin barely misses you.
You barely miss the hobgoblin.
The hobgoblin is heavily wounded.
The hobgoblin hits you but does no damage.
You scratch the hobgoblin.
The hobgoblin is almost dead.
You scratch the hobgoblin.
You kill the hobgoblin!
Found a scroll labeled MNEMMOTSIG.
You see here a club.
Found a robe.
You see here a hunting sling.
Found a stone staircase leading down.
c - a scroll labeled MNEMMOTSIG {!r} You see here a robe.
You start resting.
HP restored.
There is a stone staircase leading down here.
Found a hand axe.
Found 24 sling bullets.
A bat and a goblin come into view.
The goblin shouts!
You closely miss the bat. The bat misses you.
The bat hits you but does no damage.
Casting: Pain
Confirm with . or Enter, or press ? or * to list all spells.
Aiming: Pain
Press: ? - help, Shift-Dir - straight line, f - bat
Aim: a bat (chance 73%)
The bat convulses in agony!
You kill the bat!
You barely miss the goblin. The goblin misses you.
You scratch the goblin.
You kill the goblin!
Found a robe.
Things that are here:
a dagger; a goblin corpse
Things that are here:
a dagger; a goblin corpse You butcher the goblin corpse.
d - a chunk of flesh {!e} You see here a dagger.
You see here a bat corpse.
You butcher the bat corpse.
d - 2 chunks of flesh {!e} (gained 1)
A hobgoblin comes into view. It is wielding a club.
There is a dry fountain here.
Found 8 poisoned needles.
You see here a robe.
Found a scroll labeled SIEKKEUJEO.
The hobgoblin shouts!
Found a scroll labeled SIEKKEUJEO.
You barely miss the hobgoblin. The hobgoblin hits you with a club.
You scratch the hobgoblin but do no damage.
The hobgoblin barely misses you.
You barely miss the hobgoblin. You barely miss the hobgoblin.
The hobgoblin barely misses you.
You closely miss the hobgoblin. The hobgoblin completely misses you.
Casting: Pain
Confirm with . or Enter, or press ? or * to list all spells.
Aiming: Pain
Press: ? - help, Shift-Dir - straight line, f - hobgoblin
Aim: a hobgoblin, wielding a club (chance 76%)
You miscast Pain.
You are very lightly contaminated with residual magic.
You sense a malignant aura.
The hobgoblin hits you with a club.
* * * LOW HITPOINT WARNING * * *
Casting: Pain
Confirm with . or Enter, or press ? or * to list all spells.
Aiming: Pain
Press: ? - help, Shift-Dir - straight line, f/p - hobgoblin
Aim: a hobgoblin, wielding a club (chance 76%)
The hobgoblin barely resists.
The hobgoblin hits you but does no damage.
Casting: Pain
Confirm with . or Enter, or press ? or * to list all spells.
You don't have enough magic to cast that spell.
Unknown command.
You barely miss the hobgoblin. The hobgoblin closely misses you.
You scratch the hobgoblin.
The hobgoblin begins to bleed from its wounds!
The hobgoblin is heavily wounded.
The hobgoblin hits you with a club.
You die...

........).#
#..##.....#
#.##.....# .
#........#
...####.......#
..........⌠...#
..............#
..........[...##
.?......@#..#.#
...(....g#..#.#
........#..#.#
..#.....#..#.#
........#..#
.?.....#..#
#.....##.#
...... . ..#


You could see a hobgoblin (bleeding).

Vanquished Creatures
  A bat (D:1)
  A hobgoblin (D:1)
  A goblin (D:1)
3 creatures vanquished.

Notes
Turn   | Place    | Note
--------------------------------------------------------------
     0 | D:1      | siepu, the Ghoul Necromancer, began the quest for the Orb.
     0 | D:1      | Reached XP level 1. HP: 14/14 MP: 2/2
   159 | D:1      | HP: 2/14 [hobgoblin/club (6)]
   162 | D:1      | Slain by a hobgoblin

Vault maps used:
D:1:      lightli_arrival_noodles, solitary_fountain

Action                   || total
-------------------------++-------
Melee: Unarmed           ||    15
 Cast: Pain              ||     2
